 Dungeon Crawl Stone Soup version 0.26-b1-32-g5d43845318 (webtiles) character file.

Game seed: 3086586916112938097

24 jmlagarto the Shooter (level 2, -3/25 HPs)
             Began as a Minotaur Hunter on Jan 13, 2021.
             Killed from afar by Ijyb (10 damage)
             ... with a bolt of acid
             ... on level 3 of the Dungeon.
             The game lasted 00:02:33 (725 turns).

jmlagarto the Shooter (Minotaur Hunter)              Turns: 725, Time: 00:02:34

Health: -3/25      AC: -1    Str: 16    XL:     2   Next: 79%
Magic:  10/10      EV: 12    Int:  8    God:
Gold:   124        SH:  0    Dex: 10    Spells: 1/1 levels left

rFire    . . .     SeeInvis .   a - +1 shortbow
rCold    . . .     Faith    .   (shield currently unavailable)
rNeg     . . .     Spirit   .   c - +0 leather armour
rPois    .         Reflect  .   (helmet restricted)
rElec    .         Harm     .   (no cloak)
rCorr    .         Rampage  .   (no gloves)
Will     .....                  (no boots)
Stlth    +.........             (no amulet)
HPRegen  0.08/turn              j - ring of magical power
MPRegen  0.12/turn              (no ring)

@: corroded
A: retaliatory headbutt, horns 2
a: no special abilities


You were on level 3 of the Dungeon.
You visited 1 branch of the dungeon, and saw 4 of its levels.

You collected 124 gold pieces.

Inventory:

Hand Weapons
 a - a +1 shortbow (weapon)
 h - a +3 mace
Missiles
 d - 16 arrows (quivered ammo)
Armour
 c - a +0 leather armour (worn)
Jewellery
 j - a ring of magical power (left hand)
Scrolls
 f - 3 scrolls of enchant armour {unknown}
 g - a scroll of enchant weapon {unknown}
 k - a scroll of remove curse {unknown}
Potions
 b - a potion of curing {unknown}
 e - a potion of heal wounds {unknown}
 i - a potion of lignification {unknown}


   Skills:
 + Level 2.7 Fighting
 + Level 0.8 Maces & Flails
 + Level 4.8 Bows
 + Level 2.5 Dodging
 + Level 1.1 Stealth


You had one spell level left.
You didn't know any spells.
Your spell library was empty.

Dungeon Overview and Level Annotations

Branches:
Dungeon (4/15)
 Temple: D:4-7

Altars:

Annotations:
D:3 Ijyb


Innate Abilities, Weirdness & Mutations

You reflexively headbutt those who attack you in melee.
You have a pair of horns on your head.


Message History

You see here a frilled lizard corpse.
d - 16 arrows (gained 1)
d - 17 arrows (gained 1)
You now have 117 gold pieces (gained 15).
You now have 124 gold pieces (gained 7).
Ijyb the Twisted Goblin comes into view.
She is carrying a wand of acid (6).
Ijyb shouts!
Ijyb is nearby!
You shoot an arrow. The arrow closely misses Ijyb.
Ijyb screams, "It's all mine!"
Ijyb zaps a wand.
The bolt of acid hits you! The acid corrodes you!
You are splashed with acid!
* * * LOW HITPOINT WARNING * * *
You are too injured to fight recklessly!
You are too injured to fight recklessly!
You are too injured to fight recklessly!
Ijyb screams, "Die!"
Ijyb screams, "Level is mine!
All mine!"
Ijyb zaps a wand.
The bolt of acid hits you!
You die...

. #...........
#...........
#...##...........
#...##...........
#...##...........
#...##...........
#...##...........
#...##...........
######...##@..........
...................#.#
####.$...########### #
#...g.# #.....#
#....... #.......#
#.......# #(......#


You could see Ijyb.

Vanquished Creatures
  3 bats
  A giant cockroach (D:1)
  4 goblins
  4 jackals (D:1)
  5 frilled lizards
  4 kobolds
  2 rats (D:1)
23 creatures vanquished.

Notes
Turn   | Place    | Note
-------+----------+-------------------------------------------
     0 | D:1      | jmlagarto the Minotaur Hunter began the quest for the Orb.
     0 | D:1      | Reached XP level 1. HP: 18/18 MP: 0/0
   258 | D:1      | Reached XP level 2. HP: 25/25 MP: 1/1
   463 | D:1      | Reached skill level 1 in Stealth
   676 | D:2      | You fall into a shaft and drop 2 floors!
   718 | D:3      | Noticed Ijyb
   725 | D:3      | Killed from afar by Ijyb

Illustrated notes

Levels and vault maps discovered:
D:1:      psy_arrival_spokes, layout_basic
D:2:      layout_basic, nicolae_qazlal_general_emergency, uniq_terence,
          uniq_crazy_yiuf_cottage
D:3:      layout_basic, nzn_wu_jian_contemplation, uniq_robin, uniq_ijyb,
          uniq_jessica
D:4:      layout_rooms, old_standard_altar, nicolae_overflow_hidden_temple,
          serial_co_window_serial, co_window_corner_a, co_window_paths_a,
          co_window_of_opportunity_a, co_window_corner_a, co_window_corner_a,
          co_window_corner_a, co_window_cross_1, co_window_paths_b,
          co_window_corner_a, co_window_corner_b, co_window_broadway_c,
          co_window_unsneaky_path_c, co_window_paths_c,
          co_window_unsneaky_path_d, glass_columns_a, glass_columns_c,
          glass_columns_c, glass_columns_a, glass_columns_a, uniq_sigmund

Skill      XL: |  1  2 |
---------------+-------+-----
Stealth        | 1 |  1.1
Fighting       | |  2.7
Maces & Flails | |  0.8
Bows           | |  4.8
Dodging        | |  2.5

Action                   || total
-------------------------++-------
Melee: Shortbow          ||     1
 Fire: Shortbow          ||    43
Armor: Leather armour    ||     5
Dodge: Dodged            ||    12
